 Dungeon Crawl Stone Soup version 0.28-a0-447-g1f95980246 (webtiles) character file.

Game seed: 7224715740384088436

81 AttackTheMoon the Magician (level 4, 0/32 HPs)
             Began as a Gnoll Hedge Wizard on Sept 12, 2021.
             Slain by Crazy Yiuf (4 damage)
             ... on level 3 of the Dungeon.
             The game lasted 00:04:31 (3087 turns).

AttackTheMoon the Magician (Gnoll Hedge Wizard)     Turns: 3087, Time: 00:04:32

Health: 0/32       AC:  3    Str:  9    XL:     4   Next: 40%
Magic:  4/13       EV: 13    Int: 15    God:
Gold:   105        SH:  0    Dex: 11    Spells: 12/17 levels left

rFire   . . .      SeeInvis .   a - +0 dagger
rCold   . . .      Faith    .   (no shield)
rNeg    . . .      Spirit   .   b - +0 robe
rPois   .          Reflect  .   e - +0 helmet
rElec   .          Harm     .   (no cloak)
rCorr   .          Rampage  .   (no gloves)
Will    .....                   (no boots)
Stlth   ++........              (no amulet)
HPRegen 0.10/turn               (no ring)
MPRegen 0.13/turn               (no ring)

@: lethally poisoned (0 -> -12), very slightly contaminated
A: fangs 1, strong nose, distributed training
a: no special abilities


You were on level 3 of the Dungeon.
You visited 1 branch of the dungeon, and saw 3 of its levels.

You collected 105 gold pieces.

Inventory:

Hand Weapons
 a - a +0 dagger (weapon)
Armour
 b - a +0 robe (worn)
 c - a +0 hat
 e - a +0 helmet (worn)
Wands
 i - a wand of polymorph (9)
Scrolls
 h - 3 scrolls of noise {unknown}
 j - a scroll of teleportation {unknown}
 k - a scroll of enchant armour {unknown}
 l - a scroll of identify {unknown}
Potions
 d - 2 potions of curing {unknown}
 f - 2 potions of flight {unknown}
 g - a potion of might {unknown}


   Skills:
 + Level 1.1 Fighting
 + Level 1.1 Short Blades
 + Level 1.1 Long Blades
 + Level 1.1 Axes
 + Level 1.1 Maces & Flails
 + Level 1.1 Polearms
 + Level 1.1 Staves
 + Level 1.1 Slings
 + Level 1.1 Bows
 + Level 1.1 Crossbows
 + Level 1.1 Throwing
 + Level 1.1 Armour
 + Level 4.6 Dodging
 + Level 4.2 Stealth
 + Level 1.1 Shields
 + Level 1.1 Unarmed Combat
 + Level 7.2 Spellcasting
 + Level 2.2 Conjurations
 + Level 0.9 Hexes
 + Level 2.2 Summonings
 + Level 0.9 Necromancy
 + Level 2.2 Translocations
 + Level 0.9 Transmutations
 + Level 0.9 Fire Magic
 + Level 0.9 Ice Magic
 + Level 0.9 Air Magic
 + Level 0.9 Earth Magic
 + Level 0.9 Poison Magic
 + Level 1.2 Invocations
 + Level 1.1 Evocations


You had 12 spell levels left.
You knew the following spells:

 Your Spells              Type           Power      Damage    Failure   Level
a - Magic Dart            Conj           48%        1d5       5%          1
b - Blink                 Tloc           N/A        N/A       8%          2
c - Call Imp              Summ           12%        N/A       8%          2

Your spell library contained the following spells:

 Spells                   Type           Power      Damage    Failure   Level
 Slow                     Hex            8%         N/A       14%         2
 Conjure Flame            Conj/Fire      10%        6-21      21%         3
 Mephitic Cloud           Conj/Pois/Air  9%         N/A       22%         3


Dungeon Overview and Level Annotations

Branches:
Dungeon (3/15)

Altars:
Nemelex Xobeh

Shops:
D:3 [

Annotations:
D:3 Crazy Yiuf


Innate Abilities, Weirdness & Mutations

You have very sharp teeth.
Your uncanny sense of smell can sniff out nearby items.
Your experience applies equally to all skills.


Message History

A beastly little devil appears in a puff of flame.
You open the door.
You swap places.
Crazy Yiuf closely misses your crimson imp.
Crazy Yiuf hits your crimson imp with a +2 quarterstaff of chaos!
Your crimson imp dies!
Your crimson imp disappears in a puff of smoke!
The magic dart hits Crazy Yiuf.
Crazy Yiuf is lightly wounded.
You miscast Magic Dart.
You are very lightly contaminated with residual magic.
Nothing appears to happen.
Crazy Yiuf closely misses you.
The magic dart hits Crazy Yiuf.
Crazy Yiuf is moderately wounded.
Crazy Yiuf hits you with a +2 quarterstaff of chaos.
You are poisoned.
The magic dart hits Crazy Yiuf.
Crazy Yiuf is heavily wounded.
You feel very sick.
Crazy Yiuf hits you with a +2 quarterstaff of chaos.
You feel your power leaking away.
The magic dart hits Crazy Yiuf.
Crazy Yiuf is heavily wounded.
You feel sick. Crazy Yiuf completely misses you.
The magic dart hits Crazy Yiuf but does no damage.
Crazy Yiuf is heavily wounded.
You feel sick. Crazy Yiuf closely misses you.
You miscast Magic Dart.
Nothing appears to happen.
You feel sick.
Crazy Yiuf laughs, "Dawk!"
Crazy Yiuf hits you with a +2 quarterstaff of chaos!
* * * LOW HITPOINT WARNING * * *
You are lethally poisoned!
You are too injured to fight recklessly!
You are too injured to fight recklessly!
You completely miss Crazy Yiuf.
Crazy Yiuf is heavily wounded.
* * * LOW HITPOINT WARNING * * *
You feel very sick.
Crazy Yiuf hits you with a +2 quarterstaff of chaos.
You die...

#.# ##..##.#..# #.#.#
#.###.#..##...# #.#.#
...###.#.#.#..# #.#.#
##.# ##...##..# #.#.#
#.# ##.###### #####.#.#
##.#####.# #........
...##....##♣♣♣♣♣
#########
........#...)♣.♣♣♣ ###
..#####......)♣)@♣#...#
..# #......♣♣♣♣g'...#
.†# ##....♣♣ ♣♣#..)#
..# ####♣♣ ### ## ..#
#. ..# #. ..# ### #.
..# #.# #. ..# #.#
####.


You could see Crazy Yiuf.

Vanquished Creatures
  Jessica (D:2)
  An adder (D:2)
  A worm (D:2)
  A dart slug (D:1)
  2 endoplasms
  3 giant cockroaches
  4 goblins
  3 hobgoblins
  4 jackals
  5 ball pythons
  6 bats
  2 frilled lizards (D:2)
  3 kobolds
  4 rats
40 creatures vanquished.

Notes
Turn   | Place    | Note
-------+----------+-------------------------------------------
     0 | D:1      | AttackTheMoon the Gnoll Hedge Wizard began the quest for
                  | the Orb.
     0 | D:1      | Reached XP level 1. HP: 13/13 MP: 8/8
   140 | D:1      | Reached XP level 2. HP: 19/19 MP: 5/10
   539 | D:1      | Found a faded altar of an unknown god.
   981 | D:1      | Reached XP level 3. HP: 3/25 MP: 11/11
  1324 | D:2      | Reached skill level 1 in Invocations
  1704 | D:2      | Noticed Jessica
  1708 | D:2      | Learned a level 2 spell: Blink
  1713 | D:2      | Killed Jessica
  1714 | D:2      | Reached skill level 1 in Fighting
  1714 | D:2      | Reached skill level 1 in Short Blades
  1714 | D:2      | Reached skill level 1 in Long Blades
  1714 | D:2      | Reached skill level 1 in Axes
  1714 | D:2      | Reached skill level 1 in Maces & Flails
  1714 | D:2      | Reached skill level 1 in Polearms
  1714 | D:2      | Reached skill level 1 in Staves
  1714 | D:2      | Reached skill level 1 in Slings
  1714 | D:2      | Reached skill level 1 in Bows
  1714 | D:2      | Reached skill level 1 in Crossbows
  1714 | D:2      | Reached skill level 1 in Throwing
  1714 | D:2      | Reached skill level 1 in Armour
  1714 | D:2      | Reached skill level 1 in Shields
  1714 | D:2      | Reached skill level 1 in Unarmed Combat
  1714 | D:2      | Reached skill level 1 in Evocations
  1714 | D:2      | Reached XP level 4. HP: 32/32 MP: 5/13
  2404 | D:3      | Found a runed translucent door.
  2405 | D:3      | Noticed Crazy Yiuf
  2457 | D:3      | Found Vebeh's Antique Armour Boutique.
  2738 | D:3      | Found a sparkling altar of Nemelex Xobeh.
  3076 | D:3      | Learned a level 2 spell: Call Imp
  3087 | D:3      | Slain by Crazy Yiuf

Illustrated notes

Levels and vault maps discovered:
D:1:      minmay_arrival_loop, layout_rooms, ebering_ecumenical_altar_hall
D:2:      layout_loops_ring, chequers_mini_garden, minmay_misc_feat_rows,
          minivault_4, uniq_jessica
D:3:      layout_loops_ring, mainiacjoe_overflow_boulevard, serial_shops,
          nicolae_lakefront_shop, uniq_crazy_yiuf_cottage

Skill      XL: |  1  2  3 |
---------------+----------+-----
Conjurations   | 2 |  2.2
Summonings     | 2 |  2.2
Translocations | 2 |  2.2
Invocations    | 1 |  1.2
Fighting       | 1 |  1.1
Short Blades   | 1 |  1.1
Long Blades    | 1 |  1.1
Axes           | 1 |  1.1
Maces & Flails | 1 |  1.1
Polearms       | 1 |  1.1
Staves         | 1 |  1.1
Slings         | 1 |  1.1
Bows           | 1 |  1.1
Crossbows      | 1 |  1.1
Throwing       | 1 |  1.1
Armour         | 1 |  1.1
Shields        | 1 |  1.1
Unarmed Combat | 1 |  1.1
Evocations     | 1 |  1.1
Dodging        | |  4.6
Stealth        | |  4.2
Spellcasting   | |  7.2
Hexes          | |  0.9
Necromancy     | |  0.9
Transmutations | |  0.9
Fire Magic     | |  0.9
Ice Magic      | |  0.9
Air Magic      | |  0.9
Earth Magic    | |  0.9
Poison Magic   | |  0.9

Action                   |  1- 3 |  4- 6 || total
-------------------------+-------+-------++-------
Melee: Dagger            |    71 |     1 ||    72
       Bite              |     6 |       ||     6
       Punch             |     1 |       ||     1
 Cast: Magic Dart        |    64 |    32 ||    96
       Call Imp          |       |     1 ||     1
  Use: Scroll            |     1 |       ||     1
Armor: Robe              |    28 |       ||    28
Dodge: Dodged            |    58 |     5 ||    63

Table legend: (Time is in decaauts)
 A = Elapsed time spent in this place.
 B = Non-inter-level travel time spent in this place.
 C = Inter-level travel time spent in this place.
 D = Time resting spent in this place.
 E = Time spent auto-exploring this place.
 F = Levels seen in this place.
 G = Mean time per level.
                   A        B        C        D        E       F      G
               +--------+--------+--------+--------+--------+-----+--------+
         Total |   3086 |   3047 |     39 |     58 |   2655 |   3 | 1028.7 |
       Dungeon |   3086 |   3047 |     39 |     58 |   2655 |   3 | 1028.7 |
               +--------+--------+--------+--------+--------+-----+--------+

Top non-repeatable levels by time:
     D:2: 1153 daAuts
     D:1: 1095 daAuts
     D:3: 836 daAuts
